| TOP OF THE 1ST |
|
University of Arizona Wildcats batting - Pitching for University of North Carolina at Chapel Hill Tar Heels : LHP Ricky Lopez
|
|
Pitching: LHP Ricky Lopez
|
|
|
Batting: LHB Bruce Arvizu
|
0-0: Swinging Strike 0-1: Called Strike 0-2: Ball 1-2: Fly out, F6 (Line Drive, 6, EV 65.6 MPH)
|
|
Batting: RHB Abdel Ambar
|
0-0: Called Strike 0-1: Ball 1-1: Ball 2-1: Ball 3-1: Fly out, F8 (Flyball, 8LD, EV 98.1 MPH)
|
|
Batting: LHB Cody Humphries
|
0-0: Ball 1-0: Ball 2-0: Called Strike 2-1: Called Strike 2-2: Foul Ball, location: 2F 2-2: Foul Ball, location: 2F 2-2: Strikes out swinging
|
| Top of the 1st over - 0 runs, 0 hits, 0 errors, 0 left on base; University of Arizona 0 - University of North Carolina at Chapel Hill 0 |
| BOTTOM OF THE 1ST |
|
University of North Carolina at Chapel Hill Tar Heels batting - Pitching for University of Arizona Wildcats : LHP Nestor Donato
|
|
Pitching: LHP Nestor Donato
|
|
|
Batting: RHB David McDonald
|
0-0: Foul Ball, location: 2F 0-1: SINGLE (Groundball, 13S, EV 66.3 MPH) (infield hit)
|
|
Batting: RHB Aaron Stout
|
0-0: Foul Ball, location: 2F 0-1: Ball 1-1: Ball 2-1: Called Strike 2-2: SINGLE (Line Drive, 4MD, EV 103.8 MPH) David McDonald to second
|
|
Batting: RHB Kazushige Hasegawa
|
0-0: Ball 1-0: Ball 2-0: Foul Ball, location: 2F 2-1: Called Strike 2-2: Foul Ball, location: 2F 2-2: Foul Ball, location: 2F 2-2: Foul Ball, location: 2F 2-2: Fly out, F6 (Popup, 6M, EV 65.6 MPH)
|
|
Pitching: RHP Steven Frost
|
|
|
Batting: RHB Chris Skaff
|
0-0: Ball 1-0: Ball 2-0: Ball 3-0: Called Strike 3-1: Swinging Strike 3-2: Grounds into double play, 1-4-3 (Groundball, 15S, EV 76.9 MPH)
|
| Bottom of the 1st over - 0 runs, 2 hits, 0 errors, 1 left on base; University of Arizona 0 - University of North Carolina at Chapel Hill 0 |
| TOP OF THE 2ND |
|
University of Arizona Wildcats batting - Pitching for University of North Carolina at Chapel Hill Tar Heels : LHP Ricky Lopez
|
|
Batting: RHB Andy Bachman
|
0-0: Ground out 6-3 (Groundball, 6, EV 101.3 MPH)
|
|
Batting: RHB Miguel Villanueva
|
0-0: Called Strike 0-1: Ball 1-1: Called Strike 1-2: Foul Ball, location: 2F 1-2: Foul Ball, location: 2F 1-2: SINGLE (Groundball, 56S, EV 63.8 MPH) (infield hit)
|
|
Batting: RHB Allen Deschamps
|
0-0: Ball 1-0: Called Strike 1-1: Ball Wild Pitch! Miguel Villanueva to second 2-1: Ball 3-1: Foul Ball, location: 2F 3-2: Base on Balls
|
|
Batting: RHB Carlos Teniente
|
0-0: Foul Ball, location: 2F 0-1: Foul Ball, location: 2F 0-2: Ball 1-2: Grounds into double play, U6-3 (Groundball, 4M, EV 90.0 MPH)
|
| Top of the 2nd over - 0 runs, 1 hit, 0 errors, 1 left on base; University of Arizona 0 - University of North Carolina at Chapel Hill 0 |
| BOTTOM OF THE 2ND |
|
University of North Carolina at Chapel Hill Tar Heels batting - Pitching for University of Arizona Wildcats : RHP Steven Frost
|
|
Batting: RHB Sam Daw
|
0-0: Ball 1-0: Ball 2-0: Called Strike 2-1: Swinging Strike 2-2: Fly out, F8 (Flyball, 8LS, EV 87.5 MPH)
|
|
Batting: RHB Jonathan Livingston
|
0-0: Ball 1-0: Ball 2-0: Ball 3-0: Called Strike 3-1: Called Strike 3-2: SINGLE (Line Drive, 7S, EV 99.4 MPH)
|
|
Batting: LHB Edgar Ortiz
|
0-0: Foul Ball, location: 2F 0-1: Ball 1-1: Fly out, F9 (Flyball, 89S, EV 87.5 MPH)
|
|
Batting: LHB Dave Bertheau
|
0-0: Swinging Strike 0-1: Called Strike 0-2: Ball 1-2: Strikes out swinging
|
| Bottom of the 2nd over - 0 runs, 1 hit, 0 errors, 1 left on base; University of Arizona 0 - University of North Carolina at Chapel Hill 0 |
| TOP OF THE 3RD |
|
University of Arizona Wildcats batting - Pitching for University of North Carolina at Chapel Hill Tar Heels : LHP Ricky Lopez
|
|
Batting: RHB Costantino Dolfini
|
0-0: Called Strike 0-1: Foul Ball, location: 2F 0-2: Ball 1-2: Foul Ball, location: 2F 1-2: Strikes out looking
|
|
Batting: SHB Cesar Pelayo
|
0-0: Ball 1-0: Called Strike 1-1: Foul Ball, location: 2F 1-2: Ball 2-2: Strikes out swinging
|
|
Batting: LHB Bruce Arvizu
|
0-0: Swinging Strike 0-1: Foul Ball, location: 2F 0-2: Ball 1-2: Foul Ball, location: 2F 1-2: Ball 2-2: Ball 3-2: SINGLE (Groundball, 3S, EV 65.0 MPH) (infield hit)
|
|
Batting: RHB Abdel Ambar
|
0-0: Ball 1-0: Ball 2-0: Called Strike 2-1: Ball 3-1: Foul Ball, location: 2F 3-2: Fly out, F4 (Line Drive, 4, EV 66.3 MPH)
|
| Top of the 3rd over - 0 runs, 1 hit, 0 errors, 1 left on base; University of Arizona 0 - University of North Carolina at Chapel Hill 0 |
| BOTTOM OF THE 3RD |
|
University of North Carolina at Chapel Hill Tar Heels batting - Pitching for University of Arizona Wildcats : RHP Steven Frost
|
|
Batting: RHB Norm Wood
|
0-0: Called Strike 0-1: Ball 1-1: Ball 2-1: Bunt for hit to 3S - play at first, batter OUT! 3-4
|
|
Batting: RHB David McDonald
|
0-0: Ball 1-0: Foul Ball, location: 2F 1-1: Called Strike 1-2: Ball 2-2: Foul Ball, location: 2F 2-2: Foul Ball, location: 2F 2-2: Ball 3-2: SOLO HOME RUN (Flyball, 8LXD, EV 106.9 MPH), Distance : 447 ft
|
|
Batting: RHB Aaron Stout
|
0-0: Ball 1-0: Called Strike 1-1: Ball 2-1: Swinging Strike 2-2: SINGLE (Groundball, 13S, EV 75.6 MPH) (infield hit)
|
|
Pitching: RHP Chance Griffin
|
|
|
Batting: RHB Kazushige Hasegawa
|
0-0: Ball 1-0: Called Strike Aaron Stout steals 2nd base 1-1: Foul Ball, location: 2F 1-2: Ground out 5-3 (Groundball, 56S, EV 81.3 MPH)
|
|
Batting: RHB Chris Skaff
|
0-0: Ground out 5-3 (Groundball, 5, EV 85.0 MPH)
|
| Bottom of the 3rd over - 1 run, 2 hits, 0 errors, 1 left on base; University of Arizona 0 - University of North Carolina at Chapel Hill 1 |
| TOP OF THE 4TH |
|
University of Arizona Wildcats batting - Pitching for University of North Carolina at Chapel Hill Tar Heels : LHP Ricky Lopez
|
|
Batting: LHB Cody Humphries
|
0-0: Ball 1-0: Called Strike 1-1: Ground out 3-1 (Groundball, 34, EV 105.6 MPH)
|
|
Batting: RHB Andy Bachman
|
0-0: Called Strike 0-1: Ball 1-1: Ball 2-1: Foul Ball, location: 2F 2-2: Ground out 4-3 (Groundball, 4, EV 88.8 MPH)
|
|
Batting: RHB Miguel Villanueva
|
0-0: Ball 1-0: Swinging Strike 1-1: Foul Ball, location: 2F 1-2: Strikes out swinging
|
| Top of the 4th over - 0 runs, 0 hits, 0 errors, 0 left on base; University of Arizona 0 - University of North Carolina at Chapel Hill 1 |
| BOTTOM OF THE 4TH |
|
University of North Carolina at Chapel Hill Tar Heels batting - Pitching for University of Arizona Wildcats : RHP Chance Griffin
|
|
Batting: RHB Sam Daw
|
0-0: Ball 1-0: Fly out, F8 (Flyball, 8LXD, EV 98.8 MPH)
|
|
Batting: RHB Jonathan Livingston
|
0-0: Called Strike 0-1: Called Strike 0-2: Ball 1-2: Fly out, F8 (Flyball, 78D, EV 78.1 MPH)
|
|
Batting: LHB Edgar Ortiz
|
0-0: Ball 1-0: Foul Ball, location: 2F 1-1: Fly out, F5 (Flyball, 5D, EV 85.0 MPH)
|
| Bottom of the 4th over - 0 runs, 0 hits, 0 errors, 0 left on base; University of Arizona 0 - University of North Carolina at Chapel Hill 1 |
| TOP OF THE 5TH |
|
University of Arizona Wildcats batting - Pitching for University of North Carolina at Chapel Hill Tar Heels : LHP Ricky Lopez
|
|
Batting: RHB Allen Deschamps
|
0-0: Ball 1-0: Called Strike 1-1: Ball 2-1: Foul Ball, location: 2F 2-2: Strikes out swinging
|
|
Batting: RHB Carlos Teniente
|
0-0: Called Strike 0-1: Swinging Strike 0-2: Ball 1-2: Strikes out swinging
|
|
Batting: RHB Costantino Dolfini
|
0-0: Ball 1-0: Called Strike 1-1: Called Strike 1-2: DOUBLE (Flyball, 89D, EV 111.3 MPH)
|
|
Pitching: RHP Michael Bastian
|
|
|
Batting: SHB Cesar Pelayo
|
0-0: Called Strike 0-1: Ball 1-1: Fly out, F9 (Flyball, 89M, EV 96.9 MPH)
|
| Top of the 5th over - 0 runs, 1 hit, 0 errors, 1 left on base; University of Arizona 0 - University of North Carolina at Chapel Hill 1 |
| BOTTOM OF THE 5TH |
|
University of North Carolina at Chapel Hill Tar Heels batting - Pitching for University of Arizona Wildcats : RHP Chance Griffin
|
|
Batting: LHB Dave Bertheau
|
0-0: Called Strike 0-1: SINGLE (Line Drive, 8RS, EV 86.9 MPH)
|
|
Batting: RHB Norm Wood
|
0-0: Sac Bunt to P - play at first, batter safe! Dave Bertheau to second
|
|
Batting: RHB David McDonald
|
0-0: Swinging Strike 0-1: Sac Bunt to 15S - play at first, batter safe! Dave Bertheau to third Norm Wood to second
|
|
Batting: RHB Aaron Stout
|
0-0: Swinging Strike 0-1: Ball 1-1: Foul Ball, location: 2F 1-2: Ball 2-2: Strikes out looking
|
|
Batting: RHB Kazushige Hasegawa
|
0-0: Ball 1-0: Foul Ball, location: 2F 1-1: Foul Ball, location: 2F 1-2: SINGLE (Line Drive, 6MD, EV 108.8 MPH) Dave Bertheau scores Norm Wood to third David McDonald to second Runner from 3rd tries for Home, SAFE, throw by CF to home
|
|
Batting: RHB Chris Skaff
|
0-0: Ball 1-0: 3-RUN HOME RUN (Flyball, 8RXD, EV 111.9 MPH), Distance : 452 ft
|
|
Pitching: RHP Oscar Cintron
|
|
|
Batting: RHB Sam Daw
|
0-0: Ball 1-0: Ball 2-0: Fly out, F8 (Flyball, 89D, EV 86.9 MPH)
|
|
Batting: RHB Jonathan Livingston
|
0-0: Swinging Strike 0-1: Ball 1-1: Ball 2-1: Foul Ball, location: 2F 2-2: Ground out 6-3 (Groundball, 6, EV 93.1 MPH)
|
| Bottom of the 5th over - 5 runs, 5 hits, 0 errors, 0 left on base; University of Arizona 0 - University of North Carolina at Chapel Hill 6 |
| TOP OF THE 6TH |
|
University of Arizona Wildcats batting - Pitching for University of North Carolina at Chapel Hill Tar Heels : RHP Michael Bastian
|
|
Batting: LHB Bruce Arvizu
|
0-0: Swinging Strike 0-1: Foul Ball, location: 2F 0-2: Strikes out swinging
|
|
Batting: RHB Abdel Ambar
|
0-0: Ground out U3 (Groundball, 3S, EV 66.9 MPH)
|
|
Batting: LHB Cody Humphries
|
0-0: Ball 1-0: Ball 2-0: Called Strike 2-1: Ball 3-1: Base on Balls
|
|
Batting: RHB Andy Bachman
|
0-0: Fly out, F8 (Flyball, 8RS, EV 76.3 MPH)
|
| Top of the 6th over - 0 runs, 0 hits, 0 errors, 1 left on base; University of Arizona 0 - University of North Carolina at Chapel Hill 6 |
| BOTTOM OF THE 6TH |
|
University of North Carolina at Chapel Hill Tar Heels batting - Pitching for University of Arizona Wildcats : RHP Oscar Cintron
|
|
Batting: LHB Edgar Ortiz
|
0-0: Ball 1-0: Called Strike 1-1: Fly out, F7 (Line Drive, 7, EV 85.6 MPH)
|
|
Batting: LHB Dave Bertheau
|
0-0: Fly out, F6 (Popup, 15S, EV 91.9 MPH)
|
|
Batting: RHB Norm Wood
|
0-0: Foul Ball, location: 2F 0-1: Foul Ball, location: 2F 0-2: Ball 1-2: Fly out, F7 (Flyball, 7, EV 95.6 MPH)
|
| Bottom of the 6th over - 0 runs, 0 hits, 0 errors, 0 left on base; University of Arizona 0 - University of North Carolina at Chapel Hill 6 |
| TOP OF THE 7TH |
|
University of Arizona Wildcats batting - Pitching for University of North Carolina at Chapel Hill Tar Heels : RHP Michael Bastian
|
|
Batting: RHB Miguel Villanueva
|
0-0: SOLO HOME RUN (Line Drive, 9D, EV 95.0 MPH), Distance : 371 ft
|
|
Batting: RHB Allen Deschamps
|
0-0: Ball 1-0: Ball 2-0: Fly out, F8 (Line Drive, 8LD, EV 93.1 MPH)
|
|
Batting: RHB Carlos Teniente
|
0-0: Foul Ball, location: 2F 0-1: Fly out, F7 (Line Drive, 7, EV 98.1 MPH)
|
|
Batting: RHB Costantino Dolfini
|
0-0: Called Strike 0-1: Ground out 6-3 (Groundball, 6, EV 108.1 MPH)
|
| Top of the 7th over - 1 run, 1 hit, 0 errors, 0 left on base; University of Arizona 1 - University of North Carolina at Chapel Hill 6 |
| BOTTOM OF THE 7TH |
|
University of North Carolina at Chapel Hill Tar Heels batting - Pitching for University of Arizona Wildcats : RHP Oscar Cintron
|
|
Batting: RHB David McDonald
|
0-0: Called Strike 0-1: Ground out U3 (Groundball, 3L, EV 85.6 MPH)
|
|
Batting: RHB Aaron Stout
|
0-0: Ball 1-0: Ball 2-0: SOLO HOME RUN (Line Drive, 89XD, EV 115.6 MPH), Distance : 426 ft
|
|
Batting: RHB Kazushige Hasegawa
|
0-0: Ball 1-0: Ball 2-0: Ball 3-0: Called Strike 3-1: Base on Balls
|
|
Batting: RHB Chris Skaff
|
0-0: Called Strike 0-1: Ball 1-1: Ball 2-1: Fielders Choice at 2nd, 4-6 (Groundball, 4, EV 82.5 MPH)
|
|
Batting: RHB Sam Daw
|
0-0: Fly out, F7 (Line Drive, 7, EV 98.8 MPH)
|
| Bottom of the 7th over - 1 run, 1 hit, 0 errors, 1 left on base; University of Arizona 1 - University of North Carolina at Chapel Hill 7 |
| TOP OF THE 8TH |
|
University of Arizona Wildcats batting - Pitching for University of North Carolina at Chapel Hill Tar Heels : RHP Michael Bastian
|
|
Batting: SHB Cesar Pelayo
|
0-0: Called Strike 0-1: Foul Ball, location: 2F 0-2: Ground out 2-3 (Groundball, 15S, EV 70.0 MPH)
|
|
Batting: LHB Bruce Arvizu
|
0-0: Ball 1-0: Ball 2-0: Ball 3-0: Called Strike 3-1: Called Strike 3-2: Base on Balls
|
|
Pitching: RHP Alfonso Mier
|
|
|
Batting: RHB Abdel Ambar
|
0-0: Called Strike 0-1: Ball 1-1: Ground out 5-3 (Groundball, 56S, EV 68.8 MPH) Bruce Arvizu to second
|
|
Batting: LHB Cody Humphries
|
0-0: Ball 1-0: Ball 2-0: Ball 3-0: Called Strike 3-1: Called Strike 3-2: Ground out 6-3 (Groundball, 6M, EV 104.4 MPH)
|
| Top of the 8th over - 0 runs, 0 hits, 0 errors, 1 left on base; University of Arizona 1 - University of North Carolina at Chapel Hill 7 |
| BOTTOM OF THE 8TH |
|
University of North Carolina at Chapel Hill Tar Heels batting - Pitching for University of Arizona Wildcats : RHP Oscar Cintron
|
|
Batting: RHB Jonathan Livingston
|
0-0: Ball 1-0: Ball 2-0: Swinging Strike 2-1: Ball 3-1: Foul Ball, location: 2F 3-2: Base on Balls
|
|
Pitching: RHP Yoshimatsu Sugimoto
|
|
|
Batting: LHB Edgar Ortiz
|
0-0: Called Strike 0-1: Ball 1-1: Ball 2-1: Foul Ball, location: 2F 2-2: Ball 3-2: Foul Ball, location: 2F 3-2: Base on Balls Jonathan Livingston to second
|
|
Batting: LHB Dave Bertheau
|
0-0: Ball 1-0: Called Strike 1-1: Ball 2-1: Called Strike 2-2: Ball 3-2: Base on Balls Jonathan Livingston to third Edgar Ortiz to second
|
|
Batting: RHB Norm Wood
|
0-0: Ball 1-0: Foul Ball, location: 2F 1-1: Ball 2-1: Foul Ball, location: 2F 2-2: Ball 3-2: Base on Balls Jonathan Livingston scores Edgar Ortiz to third Dave Bertheau to second
|
|
Batting: RHB David McDonald
|
0-0: Ball 1-0: Ball 2-0: Called Strike 2-1: Swinging Strike 2-2: Ball 3-2: Base on Balls Edgar Ortiz scores Dave Bertheau to third Norm Wood to second
|
|
Pitching: RHP Tyler Tomblin
|
|
|
Batting: RHB Aaron Stout
|
0-0: SINGLE (Groundball, 4M, EV 76.3 MPH) (infield hit) Dave Bertheau scores Norm Wood to third David McDonald to second
|
|
Batting: RHB George Boivin
|
0-0: Called Strike 0-1: Fly out, F8 (Flyball, 8RS, EV 85.6 MPH)
|
|
Batting: RHB Chris Skaff
|
0-0: Ball 1-0: Ball 2-0: Ball 3-0: Base on Balls Norm Wood scores David McDonald to third Aaron Stout to second
|
|
Batting: RHB Sam Daw
|
0-0: Ball 1-0: Called Strike 1-1: Swinging Strike 1-2: Strikes out looking
|
|
Batting: RHB Jonathan Livingston
|
0-0: Ball 1-0: Ball 2-0: Ball 3-0: Called Strike 3-1: Base on Balls David McDonald scores Aaron Stout to third Chris Skaff to second
|
|
Batting: LHB Edgar Ortiz
|
0-0: Foul Ball, location: 2F 0-1: GRAND SLAM HOME RUN (Flyball, 7D, EV 97.5 MPH), Distance : 374 ft
|
|
Pitching: RHP Yann Donizetti
|
|
|
Batting: LHB Dave Bertheau
|
0-0: Foul Ball, location: 2F 0-1: Called Strike 0-2: Ball 1-2: Ball 2-2: Strikes out swinging
|
| Bottom of the 8th over - 9 runs, 2 hits, 0 errors, 0 left on base; University of Arizona 1 - University of North Carolina at Chapel Hill 16 |
| TOP OF THE 9TH |
|
University of Arizona Wildcats batting - Pitching for University of North Carolina at Chapel Hill Tar Heels : RHP Alfonso Mier
|
|
Batting: RHB Andy Bachman
|
0-0: SINGLE (Groundball, 4D, EV 98.1 MPH)
|
|
Batting: RHB Miguel Villanueva
|
0-0: Swinging Strike 0-1: Swinging Strike 0-2: Ball 1-2: Ball 2-2: Strikes out looking
|
|
Pinch Hitting: LHB Daigo Ishii
|
0-0: Ball 1-0: Ball 2-0: Ball 3-0: Base on Balls Andy Bachman to second
|
|
Pinch Hitting: LHB Rich Kuehne
|
0-0: Foul Ball, location: 2F 0-1: Ball 1-1: Ball 2-1: Grounds out, U3 (Groundball, 3L, EV 81.9 MPH) Andy Bachman to third
|
|
Pinch Hitting: RHB Andy Garvin
|
0-0: Ball 1-0: Ball 2-0: Called Strike 2-1: SINGLE (Groundball, 56, EV 81.9 MPH) (infield hit) Andy Bachman scores Daigo Ishii to third
|
|
Batting: SHB Cesar Pelayo
|
0-0: Called Strike 0-1: Ball 1-1: Ball 2-1: Foul Ball, location: 2F 2-2: Strikes out looking
|
| Top of the 9th over - 1 run, 2 hits, 0 errors, 2 left on base; University of Arizona 2 - University of North Carolina at Chapel Hill 16 |
|